 Dungeon Crawl Stone Soup version 0.16.1-18-g436b03c (webtiles) character file.

1344 drasked the Cleaver (level 8, 0/48 HPs)
             Began as a Gargoyle Berserker on Apr 28, 2015.
             Was an Elder of Trog.
             Slain by drasked's ghost (2 damage)
             ... on level 7 of the Dungeon.
             The game lasted 00:06:13 (6925 turns).

drasked the Cleaver (Gargoyle Berserker)            Turns: 6925, Time: 00:06:13

Health: 0/48       AC: 16    Str: 23    XL:     8   Next: 62%
Magic:  8/8        EV:  8    Int:  8    God:    Trog [****..]
Gold:   0          SH:  0    Dex:  9    Spells: 0 memorised, 7 levels left

rFire  . . .     SeeInvis .     Y - +0 hand axe
rCold  . . .     Clarity  +     n - +0 chain mail
rNeg   + . .     SustAb   .     (no shield)
rPois  ∞         Gourm    .     (no helmet)
rElec  +         Spirit   .     u - +0 cloak
rCorr  .         Warding  .     (no gloves)
rMut   .         Stasis   .     o - +0 pair of boots
MR     .....                    b - amulet of clarity
Stlth  ..........               (no ring)
                                (no ring)

@: exhausted, slowed, very slow, not resistant to hostile enchantments,
extremely unstealthy
A: negative energy resistance 1, electricity resistance, unbreathing,
petrification resistance, rot immunity, AC +5
a: Burn Spellbooks, Berserk, Trog's Hand, Brothers in Arms, Renounce Religion


You were on level 7 of the Dungeon.
You worshipped Trog.
Trog was greatly pleased with you.
You were near starving.

You visited 1 branch of the dungeon, and saw 7 of its levels.


Innate Abilities, Weirdness & Mutations

You are resistant to torment.
You are immune to poison.
Your stone body is very resilient (AC +5).
You resist negative energy.
You are resistant to electric shocks.
You can survive without breathing.
You are immune to petrification.
You are immune to rotting.


   Skills:
 - Level 4.9 Fighting
 + Level 9.1 Axes
 + Level 3.0 Armour
 - Level 1.5 Dodging


You had 7 spell levels left.
You didn't know any spells.

Inventory:

Hand weapons
 Y - a +0 hand axe (weapon)
Missiles
 c - 6 tomahawks (quivered)
Armour
 n - a +0 chain mail (worn)
 o - a +0 pair of boots (worn)
 u - a +0 cloak (worn)
Jewellery
 b - an amulet of clarity (around neck)
Magical devices
 r - a wand of fireball (3)
Scrolls
 a - a scroll of identify
 l - 3 scrolls of remove curse
 p - a scroll of brand weapon {unknown}
Potions
 d - a potion of restore abilities
 f - a potion of curing {unknown}
 g - a potion of haste {unknown}
 h - a potion of heal wounds {unknown}
 j - a potion of might
 k - a potion of flight {unknown}
 q - a potion of lignification {unknown}
 s - a potion of cancellation
 t - a potion of agility {unknown}
Comestibles
 e - a fruit
 i - 4 meat rations
 m - 5 bread rations

Dungeon Overview and Level Annotations

Branches:
Dungeon (7/15)             Temple (0/1) D:4

Altars:
Ashenzari
Dithmenos
Okawaru
Qazlal
Xom

Annotations:
D:7 drasked's ghost, experienced GrBe


Message History

You hit drasked's ghost but do no damage.
Drasked's ghost is severely damaged.
Drasked's ghost hits you.
You hit drasked's ghost but do no damage.
Drasked's ghost is severely damaged.
Drasked's ghost hits you! Drasked's ghost barely misses you.
You hit drasked's ghost but do no damage.
Drasked's ghost is severely damaged.
Drasked's ghost closely misses you.
You hit drasked's ghost but do no damage.
Drasked's ghost is severely damaged.
Drasked's ghost barely misses you.
You hit drasked's ghost.
Drasked's ghost is severely damaged.
Drasked's ghost hits you.
Your chain mail prevents you from hitting drasked's ghost.
Drasked's ghost is severely damaged.
Drasked's ghost hits you but does no damage.
Drasked's ghost hits you.
You die...

### ... #.#
#.# #.#
######.###
#........###
#....%W....#
#@#)#.#...
#.........
###.#.#.##
.# #


You could see drasked's ghost.

Vanquished Creatures
  Grinder (D:6)
  A soldier ant (D:7)
  An ice beast (D:7)
  2 phantoms (D:4)
  2 ogres (D:4)
  2 centaurs
  A scorpion (D:4)
  A goliath beetle (D:6)
  An iguana (D:4)
  Crazy Yiuf (D:3)
  A gnoll shaman (D:5)
  2 giant frog skeletons
  A worker ant (D:4)
  A worker ant zombie (D:6)
  8 gnolls
  3 adders
  3 worms
  2 giant geckos
  3 oozes
  7 orcs
  3 ball pythons
  11 bats
  2 bat skeletons
  6 giant cockroaches
  11 goblins
  16 hobgoblins
  8 jackals
  13 giant newts
  A jackal skeleton (D:4)
  12 kobolds
  2 quokkas
  A quokka zombie (D:5)
  14 rats
144 creatures vanquished.

Notes
Turn   | Place    | Note
--------------------------------------------------------------
     0 | D:1      | drasked, the Gargoyle Berserker, began the quest for the Orb.
     0 | D:1      | Reached XP level 1. HP: 14/14 MP: 1/1
     0 | D:1      | 0 ||| counter = 14
   156 | D:1      | Reached skill level 3 in Axes
   181 | D:1      | 181 ||| INVOKING Berserk.
   187 | D:1      | Reached XP level 2. HP: 19/19 MP: 2/2
   480 | D:1      | Acquired Trog's second power
   498 | D:1      | Reached XP level 3. HP: 21/23 MP: 3/3
   844 | D:1      | Reached skill level 4 in Axes
  1267 | D:1      | 1267 ||| UPGRADING to leather armour.
  1277 | D:1      | 1277 ||| DROPPING +0 animal skin.
  1278 | D:1      | 1278 ||| UPGRADING to pair of boots.
  1283 | D:1      | 1283 ||| READING 2 scrolls labeled NIPHEITUUN.
  1284 | D:1      | 1284 ||| READING scroll labeled LYISMU TUTOMEM.
  1285 | D:1      | 1285 ||| READING scroll labeled CEQISMI RAGH.
  1286 | D:1      | 1286 ||| READING scroll labeled GELIK KLONUMU.
  1472 | D:2      | Reached XP level 4. HP: 28/28 MP: 4/4
  1509 | D:2      | Found a stormy altar of Qazlal.
  1987 | D:2      | 1987 ||| UPGRADING to ring mail.
  1997 | D:2      | 1997 ||| DROPPING +0 leather armour.
  1998 | D:2      | 1998 ||| READING scroll labeled YNICLEL CUURPH.
  1999 | D:2      | 1999 ||| READING scroll labeled SMEVVI PRUAX.
  2000 | D:2      | 2000 ||| DRINKING 2 emerald potions.
  2001 | D:2      | 2001 ||| DRINKING 2 glowing puce potions.
  2002 | D:2      | 2002 ||| READING scroll of identify.
  2002 | D:2      | 2002 ||| IDENTIFYING glowing pearl amulet
  2003 | D:2      | 2003 ||| UPGRADING to amulet of clarity.
  2018 | D:3      | 2018 ||| STAIRDANCE
  2054 | D:3      | 2054 ||| EATING 5 fruits.
  2627 | D:3      | 2627 ||| EATING 4 fruits.
  2790 | D:3      | Noticed Crazy Yiuf
  2793 | D:3      | 2793 ||| INVOKING Berserk.
  2794 | D:3      | Paralysed by Crazy Yiuf for 3 turns
  2799 | D:3      | Killed Crazy Yiuf
  2799 | D:3      | Reached skill level 5 in Axes
  2799 | D:3      | Reached XP level 5. HP: 32/32 MP: 5/5
  2804 | D:3      | 2804 ||| EATING 3 fruits.
  2850 | D:3      | 2850 ||| EATING 2 fruits.
  2854 | D:3      | 2854 ||| UPGRADING to cloak.
  2859 | D:3      | 2859 ||| READING scroll labeled UPSAIL BEUS.
  2860 | D:3      | 2860 ||| DRINKING 2 grey potions.
  2861 | D:3      | 2861 ||| READING scroll of identify.
  2861 | D:3      | 2861 ||| IDENTIFYING dented copper amulet
  2862 | D:3      | 2862 ||| DROPPING amulet of the gourmand.
  2910 | D:4      | 2910 ||| STAIRDANCE
  2934 | D:4      | 2934 ||| STAIRDANCE
  2976 | D:3      | Acquired Trog's third power
  2977 | D:3      | 2977 ||| UPGRADING to chain mail.
  2987 | D:3      | 2987 ||| DROPPING +0 ring mail.
  2988 | D:3      | 2988 ||| READING scroll of remove curse.
  3044 | D:4      | Noticed a phantom
  3085 | D:4      | 3085 ||| INVOKING Berserk.
  3086 | D:4      | HP: 10/48 [phantom (5)]
  3087 | D:4      | Killed a phantom
  3087 | D:4      | Reached skill level 6 in Axes
  3087 | D:4      | Reached XP level 6. HP: 11/37 MP: 6/6
  3150 | D:4      | Noticed a phantom
  3175 | D:4      | Killed a phantom
  3229 | D:4      | 3229 ||| EATING fruit.
  3335 | D:4      | 3335 ||| EATING 2 slices of pizza.
  3358 | D:4      | Found a staircase to the Ecumenical Temple.
  3508 | D:4      | Noticed an ogre
  3511 | D:4      | 3511 ||| INVOKING Berserk.
  3515 | D:4      | Killed an ogre
  3515 | D:4      | Reached skill level 7 in Axes
  3515 | D:4      | Reached XP level 7. HP: 41/41 MP: 7/7
  3552 | D:4      | 3552 ||| EATING slice of pizza.
  3661 | D:4      | Found a shadowy altar of Dithmenos.
  3820 | D:4      | Noticed an ogre
  3824 | D:4      | 3824 ||| INVOKING Berserk.
  3832 | D:4      | Killed an ogre
  3838 | D:4      | 3838 ||| EATING 2 bread rations.
  4552 | D:4      | 4552 ||| INVOKING Berserk.
  4748 | D:4      | 4748 ||| READING scroll labeled THRETU BOGAANER.
  4775 | D:5      | Entered Level 5 of the Dungeon
  4775 | D:5      | Found a shattered altar of Ashenzari.
  4918 | D:5      | 4918 ||| INVOKING Berserk.
  4919 | D:5      | Reached skill level 3 in Armour
  4924 | D:5      | 4924 ||| EATING 2 slices of pizza.
  5640 | D:5      | 5640 ||| READING 2 scrolls of identify.
  5640 | D:5      | 5640 ||| IDENTIFYING lumpy black potion
  5690 | D:6      | Reached skill level 8 in Axes
  5690 | D:6      | Reached XP level 8. HP: 26/48 MP: 8/8
  5799 | D:6      | 5799 ||| EATING slice of pizza.
  5878 | D:6      | 5878 ||| INVOKING Berserk.
  5898 | D:6      | HP: 12/48 [goliath beetle (19)]
  6077 | D:6      | 6077 ||| EATING 4 fruits.
  6140 | D:6      | Noticed Grinder
  6141 | D:6      | 6141 ||| INVOKING Trog's Hand.
  6174 | D:6      | 6174 ||| INVOKING Trog's Hand.
  6180 | D:6      | Killed Grinder
  6181 | D:6      | 6181 ||| EATING 3 fruits.
  6472 | D:6      | Found an iron altar of Okawaru.
  6538 | D:6      | Found a shimmering altar of Xom.
  6692 | D:6      | 6692 ||| EATING 2 fruits.
  6874 | D:6      | You fall through a shaft!
  6875 | D:7      | 6875 ||| Shafted from D:6 to D:7.
  6884 | D:7      | Noticed drasked's ghost (experienced GrBe)
  6889 | D:7      | 6889 ||| INVOKING Berserk.
  6906 | D:7      | Reached skill level 9 in Axes
  6915 | D:7      | HP: 11/48 [drasked's ghost (7)]
  6920 | D:7      | HP: 9/48 [drasked's ghost (3)]
  6921 | D:7      | HP: 2/48 [drasked's ghost (7)]
  6925 | D:7      | Slain by drasked's ghost

Vault maps used:
D:1:      eino_arrival_cavern_d
D:2:      lemuel_crystal_altar
D:3:      uniq_crazy_yiuf_cottage
D:4:      grunt_dithmenos_smoke_and_mirrors, minmay_temple_entry_hall
D:5:      first_bread, ashenzari_altar_1
D:6:      okawaru_ov_weapons_minmay, kennysheep_mini_moat, grunt_ministairs_6,
          uniq_grinder
D:7:      makhleb_blood_cavern_becter, fedhas_altar_decomposition

Action                   |  1- 3 |  4- 6 |  7- 9 || total
-------------------------+-------+-------+-------++-------
Melee: Hand axe          |   129 |   206 |   290 ||   625
Throw: Tomahawk          |       |       |    54 ||    54
Invok: Berserk           |     1 |     3 |     5 ||     9
       Trog's Hand       |       |       |     2 ||     2
  Use: Scroll            |     4 |     6 |     2 ||    12
       Potion            |       |     3 |       ||     3
  Eat: Chunk             |     3 |     3 |     4 ||    10
       Fruit             |       |     5 |     3 ||     8
       Pizza             |       |     1 |     3 ||     4
       Bread ration      |       |       |     1 ||     1
